 Dungeon Crawl Stone Soup version 0.28.0-53-g5a82cb258f (webtiles) character file.

Game seed: 3996247876476511818

129 Sin92 the Skirmisher (level 4, -6/37 HPs)
             Began as a Demonspawn Fighter on July 5, 2022.
             Killed from afar by Sigmund (10 damage)
             ... with a puff of flame
             ... on level 3 of the Dungeon.
             The game lasted 00:06:15 (2301 turns).

Sin92 the Skirmisher (Demonspawn Fighter)           Turns: 2301, Time: 00:06:16

Health: -6/37      AC:  9    Str: 19    XL:     4   Next: 88%
Magic:  4/4        EV:  7    Int:  9    God:
Gold:   71         SH:  4    Dex: 12    Spells: 3/3 levels left

rFire   . . .      SeeInvis .   a - +0 war axe
rCold   . . .      Faith    .   c - +0 buckler
rNeg    . . .      Spirit   .   h - +0 chain mail
rPois   .          Reflect  .   (no helmet)
rElec   .          Harm     .   (no cloak)
rCorr   +          Rampage  .   (no gloves)
Will    .....                   (boots unavailable)
Stlth   ..........              (no amulet)
HPRegen 0.12/turn               k - ring of resist corrosion
MPRegen 0.09/turn               (no ring)

@: no status effects
A: hooves 3
a: no special abilities


You were on level 3 of the Dungeon.
You visited 1 branch of the dungeon, and saw 3 of its levels.

You collected 71 gold pieces.

Inventory:

Hand Weapons
 a - a +0 war axe (weapon)
Armour
 b - a +0 scale mail
 c - a +0 buckler (worn)
 h - a +0 chain mail (worn)
Jewellery
 k - a ring of resist corrosion (left hand)
Wands
 m - a wand of digging (2)
Scrolls
 f - 2 scrolls of amnesia
 g - 6 scrolls of identify
 i - a scroll of blinking {unknown}
 l - a scroll of brand weapon {unknown}
Potions
 d - a potion of might
 e - a potion of curing {unknown}
 j - a potion of flight {unknown}


   Skills:
 + Level 3.6 Fighting
 * Level 3.2 Axes
 + Level 3.3 Armour
 + Level 3.2 Shields


You had 3 spell levels left.
You didn't know any spells.
Your spell library contained the following spells:

 Spells                   Type           Power      Damage    Failure   Level
 Stone Arrow              Conj/Erth      0%         3d7       100%        3
 Animate Armour           Summ/Erth      0%         N/A       100%        4
 Lehudib's Crystal Spear  Conj/Erth      0%         10d2      100%        8


Dungeon Overview and Level Annotations

Branches:
Dungeon (3/15)

Altars:
Dithmenos
Sif Muna

Annotations:
D:3 Sigmund


Innate Abilities, Weirdness & Mutations

You have hooves in place of feet.


Message History

The giant cockroach is moderately wounded.
You barely miss something. The giant cockroach bites you.
Something hits you but does no damage. You block the giant cockroach's attack.
You slash the giant cockroach!
You kill the giant cockroach!
You barely miss something. Something hits you!
No target in view!
You closely miss something. Something hits you but does no damage.
You hit something. Your kick misses something. You hit something.
Something hits you.
You closely miss something. Your kick misses something. Something hits you!
You barely miss something. You kick something.
You hear some strange, mumbled words.
A puff of flame appears from out of thin air!
The puff of flame hits you.
* * * LOW HITPOINT WARNING * * *
Something hits you.
* * * LOW HITPOINT WARNING * * *
You hit something but do no damage. Your kick misses something.
You closely miss something. Your kick misses something.
You hear some strange, mumbled words.
Something tries to affect you, but you resist.
Something hits you but does no damage.
Unknown command.
You closely miss something. Something hits you but does no damage.
You slash something! Your kick misses something.
Something hits you but does no damage.
You hit something.
You hear some strange, mumbled words.
Something tries to affect you, but you resist.
You barely miss something. Your kick misses something. Something hits you.
* * * LOW HITPOINT WARNING * * *
You barely miss something. Your kick misses something. Something hits you.
* * * LOW HITPOINT WARNING * * *
Unknown command.
You barely miss something. You kick something.
You hear some strange, mumbled words.
A puff of flame appears from out of thin air!
The puff of flame hits you!
You die...

### ..#
...#.....###
..#
#..........#
..#
#..........#
..#
#..........#
..#
#..........#
### #
#...!......#
#.#...†{.....##
#......@.......
##.............
#...#...####..
##. #...# #
#.†.# ##'## #.#
#.# #.#


There were no monsters in sight!

Vanquished Creatures
  Ijyb (D:3)
  Terence (D:3)
  A gnoll (D:1)
  2 adders
  A worm (D:2)
  2 dart slugs (D:2)
  4 endoplasms
  A giant cockroach (D:3)
  3 goblins
  7 hobgoblins
  3 jackals (D:2)
  2 quokkas (D:1)
  6 ball pythons
  3 bats
  6 frilled lizards (D:1)
  4 kobolds
  2 rats
  A bush (D:2)
50 creatures vanquished.

Vanquished Creatures (others)
  2 plants (D:1)
2 creatures vanquished.

Grand Total: 52 creatures vanquished

Notes
Turn   | Place    | Note
-------+----------+-------------------------------------------
     0 | D:1      | Sin92 the Demonspawn Fighter began the quest for the Orb.
     0 | D:1      | Reached XP level 1. HP: 18/18 MP: 1/1
   295 | D:1      | Gained mutation: You have large cloven feet. [demonic
                  | ancestry]
   295 | D:1      | Reached XP level 2. HP: 21/24 MP: 2/2
   780 | D:1      | Gained mutation: You have hoof-like feet. [demonic
                  | ancestry]
   780 | D:1      | Reached XP level 3. HP: 29/29 MP: 3/3
  1300 | D:2      | Found a faded altar of an unknown god.
  1321 | D:2      | Prayed at the altar of an unknown god.
  1321 | D:2      | Became a worshipper of Sif Muna the Loreminder
  1321 | D:2      | Reached * piety under Sif Muna
  1322 | D:2      | Fell from the grace of Sif Muna
  1907 | D:2      | Gained mutation: You have hooves in place of feet. [demonic
                  | ancestry]
  1907 | D:2      | Reached XP level 4. HP: 33/35 MP: 4/4
  2097 | D:3      | Noticed Terence
  2101 | D:3      | Killed Terence
  2165 | D:3      | Found a shadowy altar of Dithmenos.
  2173 | D:3      | Noticed Ijyb
  2189 | D:3      | Killed Ijyb
  2280 | D:3      | Noticed Sigmund
  2301 | D:3      | Killed from afar by Sigmund

Illustrated notes

Levels and vault maps discovered:
D:1:      minmay_arrival_solitary_statue, layout_basic, serial_bayou_crossing
D:2:      layout_loops_ring, basic_ecumenical_altar, minmay_hedge_maze
D:3:      layout_basic, grunt_dithmenos_smoke_and_mirrors, st_stairs_12,
          uniq_sigmund, uniq_terence, uniq_ijyb, uniq_robin

Skill      XL: |  1  2  3  4 |
---------------+-------------+-----
Axes           | 2 3 |  3.2
Armour         | 3 |  3.3
Shields        | 3 |  3.2
Fighting       | |  3.6

Action                   |  1- 3 |  4- 6 || total
-------------------------+-------+-------++-------
Melee: War axe           |   166 |    42 ||   208
       Kick              |    45 |    12 ||    57
Invok: Renounce Religion |     1 |       ||     1
  Use: Scroll            |     1 |       ||     1
Armor: Scale mail        |    16 |       ||    16
       Chain mail        |    52 |    24 ||    76
Dodge: Dodged            |    48 |     9 ||    57
Block: Buckler           |    32 |     4 ||    36
